 Dungeon Crawl Stone Soup version 0.20.0-15-g7f486f2 (webtiles) character file.

491 Pikken the Cutter (level 7, 0/44 HPs)
             Began as a Kobold Berserker on June 18, 2017.
             Was a Priest of Trog.
             Slain by a crocodile (6 damage)
             ... on level 4 of the Dungeon.
             The game lasted 00:13:58 (3228 turns).

Pikken the Cutter (Kobold Berserker)                Turns: 3228, Time: 00:13:58

Health: 0/44       AC: 11    Str: 12 (15) XL:     7   Next: 37%
Magic:  7/7        EV:  9    Int:  7 (9)  God:    Trog [***...]
Gold:   205        SH:  0    Dex: 13 (15) Spells: 6/6 levels left

rFire    . . .     SeeInvis .   o - +0 long sword (drain)
rCold    . . .     Gourm    .   (shield restricted)
rNeg     + . .     Faith    .   k - +0 chain mail
rPois    .         Spirit   .   e - +0 helmet
rElec    .         Reflect  .   (no cloak)
rCorr    .         Harm     .   (no gloves)
MR       .....                  d - +0 pair of boots
Stlth    ..........             (no amulet)
Regen    0.2/turn               m - ring of positive energy
MPRegen  0.1/turn               (no ring)

@: berserk cooldown
A: carnivore 3
a: Berserk, Trog's Hand, Burn Spellbooks, Renounce Religion


You were on level 4 of the Dungeon.
You worshipped Trog.
Trog was most pleased with you.
You were very full.

You visited 1 branch of the dungeon, and saw 4 of its levels.

You collected 205 gold pieces.

Inventory:

Hand Weapons
 a - a +0 short sword
 b - a +2 dagger of speed
 o - a +0 long sword of draining (weapon)
Armour
 d - a +0 pair of boots (worn)
 e - a +0 helmet (worn)
 k - a +0 chain mail (worn)
Jewellery
 m - a ring of positive energy (left hand)
Scrolls
 f - a scroll of fear {unknown}
 g - 2 scrolls of teleportation
 h - 2 scrolls of identify
 j - a scroll of magic mapping {unknown}
Potions
 l - a potion of ambrosia
 n - a potion of degeneration
Comestibles
 c - 5 meat rations
 i - 2 royal jellies


   Skills:
 + Level 5.3 Fighting
 - Level 7.5(7.6) Short Blades
 * Level 1.0(3.0) Long Blades
 + Level 2.4 Armour
 + Level 3.9 Dodging


You had 6 spell levels left.
You didn't know any spells.

Dungeon Overview and Level Annotations

Branches:
Dungeon (4/15)
 Temple: D:4-7

Altars:
Ashenzari
Fedhas
Yredelemnul


Innate Abilities, Weirdness & Mutations

You are small and have problems with some larger weapons.
You are carnivorous and can eat meat at any time.


Message History

j - a scroll labeled HUWUAS NAOM
Things that are here:
a dagger; a robe A crocodile comes into view.
Things that are here:
a dagger; a robe
Things that are here:
a hand axe; a chain mail; an orc corpse Your chain mail prevents you from hitting the crocodile.
The crocodile bites you. The crocodile bites you!
* * * LOW HITPOINT WARNING * * *
Your chain mail prevents you from hitting the crocodile.
You feel yourself speed up. The crocodile barely misses you.
You riposte.
You hit the crocodile.
The crocodile is lightly wounded.
The crocodile bites you but does no damage.
You hit the crocodile. You drain the crocodile!
The crocodile is moderately wounded.
The crocodile bites you.
You die...

#...............##
#..............##
#..............#
#................
##...%.............
###..................
##...................
......#†)†..........
#.....@...........
#..###t###.......
#.##..)..##.##..
#.#..#)#..#.#
#...#%#(#...#
#..#..#.#..#.# #.
##... .## .. # ###.
## . ..


You could see a crocodile.

Vanquished Creatures
  The ghost of Timinator the Ducker, an amateur DsSk of Okawaru (D:3)
  A big kobold (D:3)
  5 orc wizards
  Robin (D:2)
  4 adders
  2 oozes
  4 worms
  4 dart slugs
  3 leopard geckos
  12 orcs
  3 giant cockroaches
  10 goblins
  7 hobgoblins
  A jackal (D:4)
  2 quokkas (D:2)
  A ball python (D:3)
  8 bats
  6 frilled lizards
  5 kobolds
  2 rats (D:1)
82 creatures vanquished.

Notes
Turn   | Place    | Note
-------+----------+-------------------------------------------
     0 | D:1      | Pikken the Kobold Berserker began the quest for the Orb.
     0 | D:1      | Reached XP level 1. HP: 14/14 MP: 1/1
   190 | D:1      | Reached XP level 2. HP: 20/20 MP: 2/2
   596 | D:2      | Reached XP level 3. HP: 22/24 MP: 3/3
   736 | D:2      | Noticed Robin
   746 | D:2      | Killed Robin
   754 | D:2      | Reached XP level 4. HP: 24/30 MP: 4/4
   768 | D:2      | Reached ** piety under Trog
   771 | D:2      | Reached skill level 5 in Short Blades
  1438 | D:2      | Found a faded altar of an unknown god.
  1501 | D:3      | Noticed Timinator's ghost (amateur DsSk)
  1504 | D:3      | Noticed a big kobold
  1534 | D:3      | Killed Timinator's ghost
  1534 | D:3      | Reached skill level 5 in Fighting
  1534 | D:3      | Reached skill level 6 in Short Blades
  1534 | D:3      | Reached XP level 5. HP: 35/35 MP: 5/5
  1534 | D:3      | Reached XP level 6. HP: 40/40 MP: 6/6
  1675 | D:3      | Found a blossoming altar of Fedhas.
  1706 | D:3      | Found a basalt altar of Yredelemnul.
  2217 | D:3      | Reached skill level 7 in Short Blades
  2468 | D:3      | Reached *** piety under Trog
  2722 | D:4      | Found a shattered altar of Ashenzari.
  2756 | D:4      | Reached XP level 7. HP: 44/44 MP: 7/7
  3218 | D:4      | Reached skill level 1 in Long Blades
  3228 | D:4      | Slain by a crocodile

Skill      XL: |  1  2  3  4  5  6  7 |
---------------+----------------------+-----
Fighting       | 4 5 |  5.3
Short Blades   | 6 7 |  7.5
Armour         | 2 |  2.4
Dodging        | 3 |  3.9
Long Blades    | 1 |  1.0

Action                   |  1- 3 |  4- 6 |  7- 9 || total
-------------------------+-------+-------+-------++-------
Melee: Short sword       |    38 |       |       ||    38
       Dagger            |    50 |   233 |    31 ||   314
       Long sword        |       |       |    34 ||    34
Invok: Berserk           |       |     2 |     2 ||     4
  Use: Potion            |     3 |     1 |     3 ||     7
       Scroll            |     4 |       |     1 ||     5
 Stab: Sleeping          |     1 |       |       ||     1
  Eat: Chunk             |     8 |     8 |     2 ||    18
Armor: Leather armour    |     9 |    26 |       ||    35
       Animal skin       |     1 |       |       ||     1
       Chain mail        |       |       |    40 ||    40
Dodge: Dodged            |    45 |    98 |    16 ||   159
       Rpst.: Long sword |       |       |     3 ||     3
